AoeStats
← Olafo

Arabian Desert

510301021Analyzed
1v1 RM · 18h ago on Sep 30, 2026· 30m 44s· 2 players
Game mode
Random Map
Map size
Tiny (2 player)
Population
200
Speed
Normal
Resources
Standard
Victory
Conquest
Starting age
Dark Age
Ending age
Imperial Age
RankedLock teamsTeams togetherTeam positionsShared explorationLock speedFull tech treeHidden civsTurbo modeCheats
Victory
Defeat
🇵🇱 Burgundians · Poland
528
+11
🇪🇸 Bohemians · Spain
416
-11
Chromage
12:02 Feudal Age
12:11 Double-Bit Axe
12:12 Horse Collar
15:41 Scale Barding Armor
15:50 Forging
20:28 Heavy Plow
22:40 Wheelbarrow
24:08 Castle Age
22:25 Gold Mining
22:27 Stone Mining
22:33 Stone Mining
24:35 Cavalier
26:29 Chain Barding Armor
27:39 Husbandry
27:03 Light Cavalry
28:29 Iron Casting
31:10 Gold Shaft Mining
Olafo
13:16 Feudal Age
Connection lost

Rejoining the realm…

Still unreachable

The connection could not be restored.

Session expired

The server has moved on; the page needs a fresh start.